 Dungeon Crawl Stone Soup version 0.31-a0-803-g95b03c3367 (webtiles) character file.

Game seed: 14153343366329041955

19509 arthad the Ogre Mage (level 12, -5/114 HPs)
             Began as an Ogre Fire Elementalist on Sept 19, 2023.
             Was an Elder of Qazlal.
             Slain by a vault guard
             ... wielding a +0 great sword
              (21 damage)
             ... on level 13 of the Dungeon on Sept 20, 2023.
             The game lasted 00:39:34 (11649 turns).

arthad the Ogre Mage (Ogre Fire Elementalist)      Turns: 11649, Time: 00:39:35

Health: -5/114     AC:  9    Str: 15    XL:     12   Next: 69%
Magic:  17/26      EV: 11    Int: 20    God:    Qazlal [****..]
Gold:   1952       SH:  5    Dex:  9    Spells: 21/31 levels left

rFire   + + .        a - staff of fire
rCold   x . .        (no shield)
rNeg    . . .        R - +0 steam dragon scales
rPois   .            (helmet restricted)
rElec   .            B - +2 cloak
rCorr   .            (gloves unavailable)
SInv    .            (boots unavailable)
Will    ++...        i - amulet of magic regeneration
Stlth   ++           m - ring of fire
HPRegen 0.39/turn    I - ring of willpower
MPRegen 0.60/turn

%: repel missiles
@: about to teleport
A: large, unfitting armour, tough skin 1
a: Renounce Religion, Upheaval, Elemental Force


You were on level 13 of the Dungeon.
You worshipped Qazlal.
Qazlal was greatly pleased with you.
You visited 2 branches of the dungeon, and saw 14 of its levels.
You also visited: Ossuary.

You collected 2052 gold pieces.
You spent 100 gold pieces at shops.

Inventory:

Hand Weapons
 t - the +8 eveningstar of Ulibygik {freeze, Fly Str-4 Dex+4}
   (You acquired it on level 8 of the Dungeon)

   Str-4:     It affects your strength (-4).
   Dex+4:     It affects your dexterity (+4).
   Fly:       It grants you flight.
 w - a +2 sling of draining
 J - a +2 whip of freezing
Missiles
 g - 45 poisoned darts
 q - 5 javelins
 u - 11 boomerangs
 X - 4 large rocks
Armour
 B - a +2 cloak (worn)
 C - a +0 kite shield
 M - an orb of mayhem
 P - a +2 robe of willpower
 R - +0 steam dragon scales (worn)
 Y - +0 acid dragon scales
Magical Staves
 a - a staff of fire (weapon)
Jewellery
 i - an amulet of magic regeneration (around neck)
 m - a ring of fire (left hand)
 G - an amulet of faith
 I - a ring of willpower (right hand)
 N - a ring of willpower
Wands
 k - a wand of charming (1)
 p - a wand of polymorph (5)
 A - a wand of mindburst (10)
 Q - a wand of flame (18)
Scrolls
 e - a scroll of torment
 j - 4 scrolls of fear
 n - 2 scrolls of fog
 r - a scroll of brand weapon
 s - 3 scrolls of revelation
 v - 3 scrolls of blinking
 x - 3 scrolls of enchant armour
 y - 2 scrolls of noise
 F - a scroll of silence
 H - 2 scrolls of immolation
 L - a scroll of amnesia {unknown}
 T - a scroll of vulnerability {unknown}
 V - 3 scrolls of poison
 Z - 3 scrolls of teleportation
Potions
 b - 5 potions of magic
 c - 10 potions of curing
 d - 3 potions of heal wounds
 f - a potion of ambrosia {unknown}
 h - 3 potions of mutation {unknown}
 l - 3 potions of might {unknown}
 o - 2 potions of cancellation {unknown}
 z - 2 potions of berserk rage {unknown}
 D - a potion of attraction {unknown}
 E - 2 potions of degeneration {unknown}
 K - 3 potions of haste {unknown}
 O - 2 potions of brilliance {unknown}
 S - 3 potions of lignification {unknown}
 U - 3 potions of resistance {unknown}
 W - 3 potions of enlightenment {unknown}


   Skills:
 + Level 6.0 Fighting
 + Level 4.1 Maces & Flails
 + Level 3.9 Throwing
 + Level 3.6 Armour
 + Level 7.1 Dodging
 - Level 5.2 Stealth
 * Level 10.1 Spellcasting
 * Level 8.2 Conjurations
 * Level 8.5 Fire Magic
 + Level 4.6 Invocations


You had 21 spell levels left.
You knew the following spells:

 Your Spells              Type           Power      Damage    Failure   Level
a - Foxfire               Conj/Fire      100%       2x1d9     1%          1
b - Scorch                Fire           100%       2d9       1%          2
c - Flame Wave            Conj/Fire      78%        2d17      2%          4
d - Mephitic Cloud        Conj/Pois/Air  21%        N/A       7%          3

Your spell library contained the following spells:

 Spells                   Type           Power      Damage    Failure   Level
 Magic Dart               Conj           100%       1d8       1%          1
 Inner Flame              Hex/Fire       57%        N/A       3%          3
 Volatile Blastmotes      Fire/Tloc      100%       2d18      3%          3
 Call Imp                 Summ           20%        N/A       11%         2
 Ensorcelled Hibernation  Hex/Ice        20%        N/A       11%         2
 Jinxbite                 Hex            20%        N/A       11%         2
 Anguish                  Hex/Necr       5%         N/A       56%         4
 Summon Cactus Giant      Summ           5%         N/A       100%        6


Dungeon Overview and Level Annotations

Branches:
Dungeon (13/15)            Temple (1/1) D:6            Lair (0/5) D:9
    Orc (0/2) D:9         Ossuary (visited)
 Vaults: D:13-14

Altars:
Ashenzari
Cheibriados
Dithmenos
Elyvilon
Fedhas
Gozag
Hepliaklqana
Kikubaaqudgha
Makhleb
Nemelex Xobeh
Okawaru
Qazlal
Ru
Sif Muna
Trog
Uskayaw
Vehumet
Wu Jian
Xom
Yredelemnul
Zin
The Shining One

Shops:
D:4 !*=?!   D:5 **

Portals:
Trove: D:10 (give +3 storm dragon scales)

Annotations:
D:7 3 runed translucent doors, Phlounder's ghost, amateur DjCj


Innate Abilities, Weirdness & Mutations

You are too large for most types of armour.
You have tough skin. (AC +1)


Message History

The vault guard is severely wounded.
The flame wave engulfs the cyclops!
The cyclops is burned terribly!
You kill the cyclops!
Qazlal accepts your kill.
The flame wave engulfs the vault guard!
The vault guard is moderately wounded. (Press . to intensify the flame waves.)
The vault guard shouts!
The vault guard hits you with a +3 battleaxe!
A wave of flame ripples out!
The flame wave engulfs the vault guard.
The vault guard is severely wounded.
The flame wave engulfs the vault guard!!
The vault guard is severely wounded.
The flame wave engulfs the vault guard!
The vault guard is lightly wounded.
The flame wave engulfs the vault guard!
The vault guard is lightly wounded.
The vault guard hits you with a +0 great sword.
The vault guard hits you with a +3 battleaxe!
* * * LOW HITPOINT WARNING * * *
The vault guard hits you but does no damage.
A wave of flame ripples out!
The flame wave engulfs the vault guard!
The vault guard is almost dead.
The flame wave engulfs the vault guard.
The vault guard is moderately wounded.
The flame wave engulfs the vault guard!
The vault guard is almost dead.
The flame wave engulfs the vault guard!!
The vault guard is heavily wounded.
You hear a sizzling sound!
The flame wave engulfs the vault guard!!
The vault guard is moderately wounded.
The flame wave engulfs the vault guard!!
The vault guard is heavily wounded.
You finish channelling waves of flame.
The vault guard hits you with a +3 battleaxe!
* * * LOW HITPOINT WARNING * * *
You block the vault guard's attack.
The vault guard hits you with a +0 great sword!!
You die...

.# .# #. p# ###. p#
#...####p####
#.......§○..#
#.....ppp...######+##..
#.....p@p..............
#......#######.........
#....○.#.....#.........
#......'.....#.........
#......'.....#.........
#......#.....#.........#
##......#.....#..#####...
#.......#.....#..#...#...
#.......#.....#..'...#...


You could see 8 vault guards.

Vanquished Creatures
  A boulder beetle (D:12)
  4 two-headed ogres
  Pikel (D:7)
  2 cyclopes
  An ugly thing (D:12)
  A manticore (D:12)
  Joseph (D:8)
  3 gargoyles
  Maggie (D:8)
  Jeremiah (D:7)
  A komodo dragon (D:11)
  3 trolls
  Grinder (D:5)
  14 slime creatures (D:13)
  A shadow (D:12)
  4 wraiths
  24 yaks
  A basilisk (D:11)
  A wyvern (D:9)
  3 vampire mosquitoes (D:13)
  2 steam dragons
  2 acid dragons
  3 water moccasins
  A black bear (D:5)
  2 orc warriors
  An ice beast (D:6)
  A sky beast (D:8)
  2 ogres (D:4)
  4 centaurs
  2 wolves (D:5)
  4 lemures (D:7)
  3 elf zombies (Ossuary)
  3 kobold brigands
  5 bullfrogs
  A gnoll sergeant (D:5)
  3 scorpions
  2 electric eels (D:11)
  7 hounds
  A jelly (D:5)
  4 orc priests
  A human zombie (Ossuary)
  4 gnoll boudas
  A sleepcap (D:5)
  Ijyb (D:5)
  17 orc wizards
  Terence (D:3)
  4 iguanas
  A hound zombie (Ossuary)
  5 mummies
  19 gnolls
  4 adders
  A shadow imp (D:7)
  2 white imps (D:7)
  An ufetubus (D:5)
  3 adder zombies (Ossuary)
  A worm (D:2)
  3 dart slugs
  33 orcs
  7 ball pythons
  3 bats
  10 endoplasms
  3 giant cockroaches
  12 hobgoblins
  3 jackals
  7 quokkas
  7 frilled lizards
  6 goblins
  A jackal zombie (Ossuary)
  23 kobolds
  A kobold zombie (Ossuary)
  An orc zombie (Ossuary)
  3 rats (D:2)
  A rat zombie (Ossuary)
312 creatures vanquished.

Vanquished Creatures (collateral kills)
  5 foxfires (D:9)
5 creatures vanquished.

Vanquished Creatures (others)
  1141 foxfires
1141 creatures vanquished.

Grand Total: 1458 creatures vanquished

Notes
Turn   | Place    | Note
-------+----------+-------------------------------------------
     0 | D:1      | arthad the Ogre Fire Elementalist began the quest for the
                  | Orb.
     0 | D:1      | Reached XP level 1. HP: 16/16 MP: 3/3
   105 | D:1      | Found a faded altar of an unknown god.
   174 | D:1      | Reached skill level 1 in Conjurations
   319 | D:1      | Reached XP level 2. HP: 24/24 MP: 1/5
   497 | D:1      | Learned a level 2 spell: Scorch
  1217 | D:2      | Reached XP level 3. HP: 17/31 MP: 2/7
  1587 | D:2      | Reached skill level 3 in Spellcasting
  1990 | D:3      | Reached XP level 4. HP: 39/39 MP: 5/8
  2038 | D:3      | Noticed Terence
  2055 | D:3      | Killed Terence
  2782 | D:4      | Reached XP level 5. HP: 45/45 MP: 4/9
  2875 | D:4      | Noticed an ogre
  2892 | D:4      | Killed an ogre
  2893 | D:4      | Reached XP level 6. HP: 47/53 MP: 11/11
  2996 | D:4      | Found Esusty's Distillery.
  2999 | D:4      | Identified the +2 ring mail of Focus {rF+ Str+2 Stlth+}
  3008 | D:4      | Bought a potion of curing for 30 gold pieces
  3057 | D:4      | Found Naisopt's Jewellery Boutique.
  3105 | D:4      | Found Maxushau's Magic Scroll Boutique.
  3376 | D:4      | Found Esituamm's Distillery.
  3384 | D:4      | Bought a potion of heal wounds for 70 gold pieces
  3392 | D:4      | Reached skill level 4 in Spellcasting
  3425 | D:4      | Found Ontofuedgh's General Store.
  3432 | D:4      | Reached XP level 7. HP: 50/59 MP: 8/13
  3600 | D:5      | Entered Level 5 of the Dungeon
  3600 | D:5      | Noticed Ijyb
  3611 | D:5      | Killed Ijyb
  3733 | D:5      | Noticed Grinder
  3745 | D:5      | Killed Grinder
  3815 | D:5      | Found Othrouffe's Specific Store.
  3819 | D:5      | Found Sexofeah's General Store.
  3944 | D:5      | Reached XP level 8. HP: 67/67 MP: 10/15
  4016 | D:5      | Reached skill level 5 in Spellcasting
  4203 | D:5      | Learned a level 4 spell: Flame Wave
  4486 | D:5      | Reached skill level 5 in Fire Magic
  4782 | D:6      | Reached XP level 9. HP: 71/74 MP: 12/17
  4835 | D:6      | Reached skill level 6 in Spellcasting
  5021 | D:6      | Reached skill level 5 in Dodging
  5080 | D:6      | Found a staircase to the Ecumenical Temple.
  5089 | Temple   | Entered the Ecumenical Temple
  5097 | Temple   | Became a worshipper of Qazlal Stormbringer
  5501 | D:7      | Noticed Pikel
  5511 | D:7      | Killed Pikel
  5512 | D:7      | Reached skill level 5 in Conjurations
  5551 | D:7      | Found a runed translucent gate.
  5552 | D:7      | Found a runed translucent gate.
  5553 | D:7      | Noticed Phlounder's ghost (amateur DjCj)
  5554 | D:7      | Found a runed translucent gate.
  5555 | D:7      | Identified the +0 chain mail "Qudwuvir" {Will+ SInv}
  5564 | D:7      | Reached skill level 5 in Stealth
  5595 | D:7      | Noticed Jeremiah
  5617 | D:7      | Killed Jeremiah
  5618 | D:7      | Reached skill level 7 in Spellcasting
  5955 | D:7      | Found a glowing golden altar of the Shining One.
  6020 | D:8      | Identified a scroll of acquirement
  6021 | D:8      | Acquired the +8 eveningstar of Ulibygik {freeze, Fly Str-4
                  | Dex+4}
  6109 | D:8      | Noticed Joseph
  6126 | D:8      | Killed Joseph
  6127 | D:8      | Reached skill level 1 in Fighting
  6127 | D:8      | Reached XP level 10. HP: 71/84 MP: 11/21
  6130 | D:8      | Reached * piety under Qazlal
  6131 | D:8      | Reached skill level 1 in Invocations
  6157 | D:8      | Reached skill level 1 in Maces & Flails
  6172 | D:8      | Noticed Maggie
  6334 | D:8      | Killed Maggie
  6335 | D:8      | Reached skill level 1 in Armour
  6538 | D:8      | Found a sand-covered staircase.
  6546 | Ossuary  | Entered an ossuary
  6879 | D:8      | Reached ** piety under Qazlal
  7025 | D:8      | Noticed a cyclops
  7046 | D:8      | Killed a cyclops
  7278 | D:9      | You are sucked into a shaft and drop 2 floors!
  7302 | D:11     | Reached skill level 8 in Spellcasting
  7444 | D:10     | Entered Level 10 of the Dungeon
  7473 | D:10     | Noticed a gargoyle
  7476 | D:10     | Killed a gargoyle
  7793 | D:9      | Reached skill level 1 in Throwing
  7800 | D:9      | Found a staircase to the Orcish Mines.
  7846 | D:9      | Found a burning altar of Makhleb.
  7957 | D:9      | Noticed a two-headed ogre
  7962 | D:9      | Killed a two-headed ogre
  7963 | D:9      | Reached XP level 11. HP: 69/97 MP: 16/23
  8323 | D:9      | Found a staircase to the Lair.
  8613 | D:10     | Found a glowing silver altar of Zin.
  8794 | D:10     | Found a sparkling altar of Nemelex Xobeh.
  8866 | D:10     | Reached *** piety under Qazlal
  8867 | D:10     | Reached skill level 9 in Spellcasting
  8938 | D:10     | Found a portal to a secret trove of treasure.
  8961 | D:10     | Found a radiant altar of Vehumet.
  9062 | D:10     | Found a hazy altar of Hepliaklqana.
  9371 | D:11     | Acquired a staff of fire
  9375 | D:11     | Acquired 1290 gold pieces
  9426 | D:11     | Noticed a two-headed ogre
  9441 | D:11     | Killed a two-headed ogre
  9708 | D:11     | Noticed a two-headed ogre
  9714 | D:11     | Killed a two-headed ogre
  9715 | D:11     | Reached skill level 5 in Fighting
  9727 | D:11     | Reached XP level 12. HP: 111/111 MP: 7/25
  9938 | D:11     | Upgraded the game from 0.31-a0-799-g6bc09d010c to
                  | 0.31-a0-803-g95b03c3367
 10254 | D:12     | Noticed a two-headed ogre
 10261 | D:12     | Killed a two-headed ogre
 10278 | D:12     | Learned a level 3 spell: Mephitic Cloud
 10299 | D:12     | Noticed a boulder beetle
 10323 | D:12     | Killed a boulder beetle
 11337 | D:13     | Reached **** piety under Qazlal
 11345 | D:13     | Reached skill level 10 in Spellcasting
 11640 | D:13     | Noticed a vault guard
 11640 | D:13     | Noticed a vault guard
 11641 | D:13     | Noticed a vault guard
 11641 | D:13     | Noticed a vault guard
 11643 | D:13     | Noticed a vault guard
 11644 | D:13     | Noticed a vault guard
 11645 | D:13     | Noticed a vault guard
 11646 | D:13     | Noticed a vault guard
 11649 | D:13     | Slain by a vault guard

Illustrated notes

Levels and vault maps discovered:
D:1:      dpeg_arrival_refuge, layout_basic, hellmonk_ecumenical_altar_run_dry,
          minmay_bisected
D:2:      layout_loops_ring
D:3:      layout_loops_cross, uniq_terence
D:4:      layout_basic, serial_shops, shop, shop_statue,
          nicolae_shop_rolling_square, nicolae_square_shop,
          nicolae_shop_tiny_statue_garden, minmay_diced_spiral
D:5:      layout_cave_pools, serial_gnoll_camp, gnoll_camp_medium_01,
          gnoll_camp_mini_loothouse, gnoll_camp_mini_hut, gnoll_camp_mini_hut,
          grunt_ministairs_9, st_stairs_8, corexii_corridor_pit,
          nicolae_specific_store, uniq_grinder, uniq_ijyb
D:6:      layout_basic, minmay_temple_entry_water_ring
D:7:      layout_rooms, nicolae_tso_swordbearing_angel,
          biasface_ghost_orc_armoury, minmay_misc_feat_four_crosses, uniq_pikel,
          uniq_jeremiah
D:8:      layout_gridville, gup_ossuary_entry_pyramid, uniq_maggie, uniq_joseph
D:9:      layout_loops_ring, mainiacjoe_overflow_cross_hatched,
          grunt_lair_entry_orc_guard_hut, orc_0_dummy, kennysheep_generic_room_9
D:10:     nicolae_cairo_tiling_large, layout_rooms,
          mainiacjoe_overflow_alcove_4, general_overflow_altar, zin_statuary,
          mainiacjoe_overflow_concentric_impassable, enter_trove_3
D:11:     layout_basic, minmay_lizard_king
D:12:     layout_cave_pods
D:13:     layout_irregular_city, erik_vaults_2
Temple:   compressed_dpeg_triangle_lava_temple

Skill      XL: |  1  2  3  4  5  6  7  8  9 10 11 12 |
---------------+-------------------------------------+-----
Conjurations   | 1 2 3 4 5 6 7 8 |  8.2
Dodging        | 2 3 4 5 6 7 |  7.1
Fire Magic     | 3 4 5 6 7 8 |  8.5
Spellcasting   | 3 4 5 7 8 9 10 | 10.1
Stealth        | 2 3 4 5 |  5.2
Fighting       | 1 3 5 6 |  6.0
Invocations    | 2 3 4 |  4.6
Maces & Flails | 2 3 4 |  4.1
Armour         | 2 3 |  3.6
Throwing       | 1 3 |  3.9

Action                     |  1- 3 |  4- 6 |  7- 9 | 10-12 || total
---------------------------+-------+-------+-------+-------++-------
  Melee: Unarmed           |     4 |       |       |       ||     4
         Dagger            |     6 |     6 |     2 |       ||    14
         Eveningstar       |       |       |     1 |    26 ||    27
         Staff             |       |       |       |     1 ||     1
  Throw: Javelin           |       |     6 |       |       ||     6
         Dart              |       |       |       |     3 ||     3
         Large rock        |       |       |       |     1 ||     1
   Cast: Foxfire           |    69 |    71 |   279 |   224 ||   643
         Scorch            |     1 |    17 |    37 |    71 ||   126
         Flame Wave        |       |       |     4 |    57 ||    61
  Evoke: Wand              |       |       |     1 |     2 ||     3
    Use: Scroll            |       |       |     5 |    12 ||    17
 Armour: Robe              |     9 |    30 |    50 |    18 ||   107
         Steam dragon scal |       |       |       |   105 ||   105
  Dodge: Dodged            |    12 |    21 |    17 |    67 ||   117
  Block: Other             |       |       |       |    12 ||    12

Table legend: (Time is in decaauts)
 A = Elapsed time spent in this place.
 B = Non-inter-level travel time spent in this place.
 C = Inter-level travel time spent in this place.
 D = Time resting spent in this place.
 E = Time spent auto-exploring this place.
 F = Levels seen in this place.
 G = Mean time per level.
                   A        B        C        D        E       F      G
               +--------+--------+--------+--------+--------+-----+--------+
         Total |  11662 |  11349 |    313 |    187 |   9147 |  15 |  777.5 |
       Dungeon |  11390 |  11092 |    298 |    187 |   8939 |  13 |  876.2 |
        Temple |     17 |      2 |     15 |      0 |      0 |   1 |   17.0 |
       Ossuary |    254 |    254 |      0 |      0 |    208 |   1 |  254.0 |
               +--------+--------+--------+--------+--------+-----+--------+

Top non-repeatable levels by time:
     D:1: 1210 daAuts
     D:5: 1175 daAuts
     D:8: 995 daAuts
    D:12: 993 daAuts
    D:11: 934 daAuts
    D:10: 928 daAuts
     D:9: 870 daAuts
     D:4: 836 daAuts
     D:3: 828 daAuts
     D:7: 728 daAuts
     D:2: 726 daAuts
    D:13: 669 daAuts
     D:6: 493 daAuts
 Ossuary: 254 daAuts
  Temple: 17 daAuts
